 Dungeon Crawl Stone Soup version 0.31-a0-176-g91f28db67f (webtiles) character file.

Game seed: 3073661108923123588

44029 Gargoyl the Cleaver (level 14, -9/90 HPs)
             Began as a Gargoyle Berserker on June 15, 2023.
             Was an Elder of Trog.
             Killed from afar by a gargoyle (25 damage)
             ... with a stone arrow
             ... on level 11 of the Dungeon on June 18, 2023.
             The game lasted 00:23:33 (17116 turns).

Gargoyl the Cleaver (Gargoyle Berserker)           Turns: 17116, Time: 00:23:33

Health: -9/90      AC: 30    Str: 20    XL:     14   Next: 26%
Magic:  14/14      EV: 16    Int: 10    God:    Trog [****..]
Gold:   966        SH: 14    Dex: 19    Spells: 13/13 levels left

rFire   . . .        o - +2 hand axe (venom)
rCold   . . .        x - +1 kite shield
rNeg    + . .        h - +8 chain mail {ponderous}
rPois   ∞            (no helmet)
rElec   +            (no cloak)
rCorr   .            (no gloves)
SInv    .            (no boots)
Will    +....        (no amulet) Stlth
                     f - +6 ring of dexterity
HPRegen 0.35/turn    s - +5 ring of evasion
MPRegen 0.14/turn

%: no passive effects
@: on berserk cooldown, flying, slowed, very slow
A: sickness immunity, AC +10, big wings, negative energy resistance 1,
electricity resistance, torment resistance 1, petrification resistance
a: Renounce Religion, Berserk, Trog's Hand, Brothers in Arms


You were on level 11 of the Dungeon.
You worshipped Trog.
Trog was greatly pleased with you.
You visited 2 branches of the dungeon, and saw 16 of its levels.

You collected 966 gold pieces.

Inventory:

Hand Weapons
 e - a +2 flail of protection
 o - a +2 hand axe of venom (weapon)
 y - a +1 hand axe of electrocution
Missiles
 c - 46 poisoned darts (quivered)
 C - a throwing net
Armour
 h - a +8 chain mail of ponderousness (worn)
 x - a +1 kite shield (worn)
 A - the +15 Maxwell's patent armour {-Cast -Tele rElec Will+ rCorr}
   (You found it on level 3 of the Lair of Beasts)

   rElec:     It insulates you from electricity.
   -Cast:     It prevents spellcasting.
   -Tele:     It prevents most forms of teleportation.
   rCorr:     It protects you from acid and corrosion.
   Will:      It increases your willpower.
Jewellery
 f - a +6 ring of dexterity (left hand)
 s - a +5 ring of evasion (right hand)
 F - a +6 ring of intelligence
Wands
 b - a wand of iceblast (3)
 p - a wand of paralysis (13)
 q - a wand of flame (20)
Scrolls
 d - 2 scrolls of fog
 g - 4 scrolls of fear
 j - a scroll of poison
 v - 6 scrolls of teleportation
 B - a scroll of blinking
 G - a scroll of acquirement {unknown}
 H - a scroll of enchant armour
Potions
 a - 4 potions of might
 i - a potion of magic
 k - 3 potions of resistance
 l - a potion of ambrosia
 m - 7 potions of curing
 n - 3 potions of haste
 r - a potion of berserk rage
 t - a potion of enlightenment
 u - a potion of cancellation {unknown}
 w - a potion of attraction {unknown}
 z - a potion of degeneration {unknown}
 D - 3 potions of heal wounds
 E - 2 potions of lignification {unknown}


   Skills:
 + Level 11.1 Fighting
 + Level 2.9 Short Blades
 + Level 14.1(14.2) Axes
 + Level 3.9(10.7) Maces & Flails
 + Level 0.4 Throwing
 + Level 11.2 Armour
 + Level 6.2 Dodging
 + Level 3.0 Stealth
 + Level 11.0 Shields


You had 13 spell levels left.
You didn't know any spells.
Your spell library was empty.

Dungeon Overview and Level Annotations

Branches:
Dungeon (11/15)            Temple (0/1) D:6            Lair (5/5) D:8
  Swamp (0/4) Lair:3       Spider (0/4) Lair:2        Slime (0/5) Lair:5
    Orc: D:9-12

Altars:
Uskayaw
Wu Jian
Zin
The Shining One

Shops:
D:2 =

Annotations:
Lair:5 whodunnit's ghost, journeyman DsMo


Innate Abilities, Weirdness & Mutations

You are immune to sickness and miasma.
Your stone body is resilient. (AC +10)
You are immune to poison.
Your large and strong wings let you fly.
You resist negative energy. (rN+)
You are resistant to electric shocks. (rElec)
You are resistant to unholy torment.
You are immune to petrification.


Message History

The gargoyle hurls a stone arrow at you.
You block the stone arrow.
You closely miss the gargoyle.
The gargoyle is almost destroyed.
You block the gargoyle's attack.
You hit the gargoyle but do no damage.
The gargoyle is almost destroyed.
The gargoyle hurls a stone arrow at you.
You block the stone arrow.
You hit the gargoyle but do no damage.
The gargoyle is almost destroyed.
The gargoyle hurls a stone arrow at you.
You block the stone arrow.
You closely miss the gargoyle.
The gargoyle is almost destroyed.
The gargoyle hurls a stone arrow at you.
You block the stone arrow.
You hit the gargoyle but do no damage.
The gargoyle is almost destroyed.
The gargoyle hurls a stone arrow at you.
You block the stone arrow.
You hit the gargoyle but do no damage.
The gargoyle is almost destroyed.
The gargoyle hurls a stone arrow at you.
You block the stone arrow.
You hit the gargoyle but do no damage.
The gargoyle is almost destroyed.
The gargoyle hurls a stone arrow at you.
The stone arrow hits you!!
* * * LOW HITPOINT WARNING * * *
You hit the gargoyle but do no damage.
The gargoyle is almost destroyed.
The gargoyle completely misses you.
Unknown command.
You feel better.
The gargoyle hurls a stone arrow at you.
You block the stone arrow.
The gargoyle hurls a stone arrow at you.
The stone arrow hits you!!
You die...

...........#
..........#
#.........
..#####.......##
..#.#..........##
#................
.................
..^.....)........
.........@.......
.#...))9.......
####<)........
##.....(...
#.^.##..##.#
........ #.....
......... .....
..^............
..#.##.....##..


You could see a gargoyle.

Vanquished Creatures
  Snorg (D:10)
  5 hydras
  Fannar (D:10)
  A boulder beetle (Lair:5)
  4 death yaks (Lair:4)
  Nergalle (D:10)
  A skyshark (Lair:5)
  Sonja (D:11)
  The ghost of MrZuerg the Destroyer, a novice DsFE of Vehumet (D:9)
  3 bog bodies (Lair:3)
  A lindwurm (Lair:5)
  Pikel (D:4)
  2 black mambas
  20 cane toads
  2 rime drakes
  9 komodo dragons
  2 trolls (D:10)
  3 polar bears (Lair:3)
  4 tyrant leeches (Lair:5)
  26 blink frogs
  2 hornets
  The ghost of paps the Shield-Bearer, an amateur OpFi (D:4)
  A slime creature (Lair:2)
  Sigmund (D:2)
  4 wyverns
  A wraith (D:10)
  19 yaks
  3 basilisks
  2 steam dragons (Lair:4)
  5 vampire mosquitoes (Lair:5)
  2 swamp worms (Lair:3)
  Edmund (D:5)
  15 water moccasins
  2 black bears (D:7)
  2 orc warriors (D:9)
  4 boggarts (Lair:3)
  4 ice beasts
  26 wolves
  2 ogres (D:4)
  2 centaurs
  4 kobold brigands
  15 bullfrogs
  3 gnoll sergeants
  10 scorpions
  4 killer bees (D:10)
  2 electric eels
  A howler monkey (D:8)
  4 jellies (Lair:2)
  6 orc priests
  5 iguanas
  2 sleepcaps
  10 orc wizards
  21 gnolls
  11 adders
  3 shadow imps (D:6)
  2 white imps
  2 ufetubi
  2 worms
  2 dart slugs
  45 orcs
  4 ball pythons
  23 endoplasms
  7 giant cockroaches
  8 hobgoblins
  6 jackals (D:1)
  41 kobolds
  6 quokkas
  7 bats
  7 frilled lizards
  8 goblins
  6 rats
465 creatures vanquished.

Vanquished Creatures (collateral kills)
  A hydra (Lair:5)
  A skyshark (Lair:5)
  A bog body (Lair:3)
  A cane toad (Lair:5)
  A water moccasin (Lair:5)
5 creatures vanquished.

Grand Total: 470 creatures vanquished

Notes
Turn   | Place    | Note
-------+----------+-------------------------------------------
     0 | D:1      | Gargoyl the Gargoyle Berserker began the quest for the Orb.
     0 | D:1      | Reached XP level 1. HP: 14/14 MP: 1/1
   149 | D:1      | Reached skill level 3 in Axes
   149 | D:1      | Reached XP level 2. HP: 14/19 MP: 2/2
   231 | D:1      | Found a faded altar of an unknown god.
   602 | D:1      | Reached XP level 3. HP: 23/23 MP: 3/3
   624 | D:1      | Reached ** piety under Trog
   802 | D:1      | You fall into a shaft and drop 1 floor!
   840 | D:2      | Reached skill level 1 in Short Blades
   840 | D:2      | Reached XP level 4. HP: 9/29 MP: 4/4
   991 | D:2      | Noticed Sigmund
   999 | D:2      | Killed Sigmund
  1000 | D:2      | Reached XP level 5. HP: 34/34 MP: 5/5
  1000 | D:2      | Reached XP level 6. HP: 39/39 MP: 6/6
  1075 | D:2      | Found Rumneg's One-of-a-Kind Rings.
  1587 | D:2      | Identified the staff of poison "Utruaxky" {rPois rC+ rN+
                  | Int+4}
  1701 | D:2      | Reached *** piety under Trog
  2561 | D:4      | Found a transporter.
  2562 | D:4      | Noticed paps's ghost (amateur OpFi)
  2562 | D:4      | Identified the +8 giant club "Ricluni" {antimagic, Fly
                  | rN+++ Str-4 Stlth+}
  2568 | D:4      | Reached XP level 7. HP: 42/44 MP: 7/7
  2607 | D:4      | Found a transporter.
  2733 | D:4      | Reached skill level 4 in Axes
  2964 | D:4      | Noticed Pikel
  2976 | D:4      | HP: 2/66 [Pikel/+2 whip of freezing (4)]
  2978 | D:4      | Killed Pikel
  2979 | D:4      | Reached skill level 5 in Fighting
  2979 | D:4      | Reached skill level 5 in Axes
  2979 | D:4      | Reached XP level 8. HP: 4/49 MP: 8/8
  3571 | D:4      | Reached skill level 5 in Armour
  3571 | D:4      | Killed paps's ghost
  3572 | D:4      | Reached skill level 6 in Axes
  3572 | D:4      | Reached skill level 1 in Stealth
  3679 | D:5      | Entered Level 5 of the Dungeon
  3837 | D:5      | Noticed Edmund
  3853 | D:5      | Killed Edmund
  3959 | D:5      | Reached XP level 9. HP: 25/55 MP: 9/9
  4279 | D:5      | Noticed a hornet
  4290 | D:5      | Killed a hornet
  4305 | D:5      | Reached skill level 7 in Axes
  4391 | D:5      | Found a glowing golden altar of the Shining One.
  5104 | D:6      | Reached **** piety under Trog
  5252 | D:6      | Upgraded the game from 0.31-a0-174-g85c54bcb58 to
                  | 0.31-a0-176-g91f28db67f
  5252 | D:6      | Found a staircase to the Ecumenical Temple.
  6262 | D:7      | Reached skill level 8 in Axes
  6513 | D:7      | Reached XP level 10. HP: 63/63 MP: 10/10
  6678 | D:7      | Found a glowing silver altar of Zin.
  7167 | D:8      | Reached skill level 1 in Shields
  7205 | D:8      | Reached skill level 9 in Axes
  7213 | D:8      | Reached ***** piety under Trog
  7252 | D:8      | Found a staircase to the Lair.
  7589 | Lair:1   | Entered Level 1 of the Lair of Beasts
  7615 | Lair:1   | Noticed a cane toad
  7633 | Lair:1   | Killed a cane toad
  7733 | Lair:1   | Noticed a cane toad
  7747 | Lair:1   | Killed a cane toad
  7748 | Lair:1   | Reached skill level 10 in Axes
  7996 | Lair:1   | Noticed a cane toad
  8009 | Lair:1   | Killed a cane toad
  8010 | Lair:1   | Reached XP level 11. HP: 68/68 MP: 11/11
  8170 | Lair:1   | Identified the +0 cloak of Vuosi {rF+ rC- Will+ Int+5}
  8911 | Lair:2   | Reached skill level 11 in Axes
  9111 | Lair:2   | Found a hole to the Spider Nest.
  9178 | Lair:2   | Reached skill level 5 in Shields
  9728 | Lair:3   | Noticed a five-headed hydra
  9744 | Lair:2   | Killed a five-headed hydra
 10095 | Lair:3   | Reached skill level 1 in Maces & Flails
 10098 | Lair:3   | Reached XP level 12. HP: 72/75 MP: 12/12
 10143 | Lair:3   | Reached skill level 12 in Axes
 10644 | Lair:3   | Reached skill level 5 in Dodging
 10849 | Lair:3   | Received a gift from Trog
 10911 | Lair:3   | Found the +15 Maxwell's patent armour {-Cast -Tele rElec
                  | Will+ rCorr}
 11225 | Lair:3   | Noticed a seven-headed hydra
 11748 | Lair:3   | Found a staircase to the Swamp.
 12158 | Lair:4   | Noticed a death yak
 12162 | Lair:4   | Noticed a death yak
 12163 | Lair:4   | Noticed a death yak
 12165 | Lair:4   | Noticed a death yak
 12176 | Lair:4   | Killed a death yak
 12181 | Lair:4   | Killed a death yak
 12197 | Lair:4   | Killed a death yak
 12198 | Lair:4   | Reached skill level 13 in Axes
 12206 | Lair:5   | Entered Level 5 of the Lair of Beasts
 12206 | Lair:5   | Noticed a seven-headed hydra
 12215 | Lair:5   | Noticed a skyshark
 12216 | Lair:5   | Killed a seven-headed hydra
 12217 | Lair:5   | Reached skill level 10 in Armour
 12217 | Lair:5   | Reached XP level 13. HP: 12/81 MP: 13/13
 12684 | Lair:4   | Reached skill level 10 in Fighting
 13074 | Lair:5   | Found an ornate altar of the Wu Jian Council.
 13107 | Lair:5   | Found a hide-covered altar of Uskayaw.
 13188 | Lair:5   | Found a staircase to the Slime Pits.
 13458 | Lair:5   | Found a runed translucent door.
 13460 | Lair:5   | Noticed whodunnit's ghost (journeyman DsMo)
 13804 | Lair:5   | Reached skill level 10 in Shields
 14228 | Lair:5   | Identified the +7 rapier of Destiny {drain, rPois Int+4
                  | Stlth+}
 14249 | Lair:5   | Gained mutation: Your large and strong wings let you fly.
                  | [Gargoyle growth]
 14249 | Lair:5   | Reached XP level 14. HP: 70/88 MP: 14/14
 14478 | Lair:5   | Reached skill level 14 in Axes
 16046 | D:9      | Found a runed translucent door.
 16046 | D:9      | Noticed MrZuerg's ghost (novice DsFE)
 16298 | D:9      | Killed MrZuerg's ghost
 16334 | D:10     | Entered Level 10 of the Dungeon
 16338 | D:10     | Noticed Snorg
 16350 | D:10     | Killed Snorg
 16636 | D:10     | Noticed Fannar
 16653 | D:10     | Killed Fannar
 16881 | D:10     | Noticed Nergalle
 16895 | D:10     | Killed Nergalle
 17072 | D:11     | Noticed Sonja
 17100 | D:11     | Killed Sonja
 17101 | D:11     | HP: 4/90 [gargoyle/stone arrow (25)]
 17116 | D:11     | Killed from afar by a gargoyle

Illustrated notes

Levels and vault maps discovered:
D:1:      minmay_arrival_doors, layout_basic,
          ebering_ecumenical_altar_petrified, minmay_vboxes
D:2:      layout_loops_cross, serial_forest, infiniplex_forest_clump_small,
          infiniplex_forest_lined_room_, infiniplex_forest_lined_2,
          infiniplex_forest_straight_3, infiniplex_forest_end_2,
          minmay_gold_behind_fungi, nicolae_shop_unique_rings, uniq_sigmund
D:3:      layout_basic
D:4:      kennysheep_kobold_camp, layout_basic, gammafunk_ghost_smash,
          interstate_on_off, uniq_pikel
D:5:      layout_layer_cave, tso_altar, hex_medium, grunt_ministairs_4,
          uniq_edmund
D:6:      nicolae_cairo_tiling_large_dashed, layout_basic,
          minmay_temple_entry_junction
D:7:      layout_basic, zin_treasury
D:8:      layout_rooms, minmay_lair_entry_grove
D:9:      layout_cave_pods, gammafunk_ghost_grave
D:10:     layout_gridville, uniq_fannar, uniq_snorg, uniq_nergalle
D:11:     layout_cave_pools, uniq_sonja
Lair:1:   layout_regular_city, serial_bayou_crossing, infiniplex_staircase_pool
Lair:2:   lemuel_slime, layout_chaotic_city, nicolae_spider_entry_non_spiders
Lair:3:   layout_cave_pods, nicolae_swamp_entry_splash_gauntlet,
          kilobyte_rumbling_trees
Lair:4:   layout_hall_layers
Lair:5:   minmay_lair_end_frog_pond, layout_loops_ring, dpeg_slime_entry_corner,
          ebering_ghost_inner_flame, nzn_masters_of_martial_movement

Skill      XL: |  1  2  3  4  5  6  7  8  9 10 11 12 13 14 |
---------------+-------------------------------------------+-----
Axes           | 3 5 6 8 10 11 13 14 | 14.1
Dodging        | 2 3 4 5 6 |  6.2
Short Blades   | 1 2 |  2.9
Fighting       | 4 5 7 8 9 10 11 | 11.1
Armour         | 3 4 6 7 8 9 10 11 | 11.2
Stealth        | 1 2 3 |  3.0
Shields        | 3 6 8 10 11 | 11.0
Maces & Flails | 1 3 |  3.9
Throwing       | |  0.4

Action                     |  1- 3 |  4- 6 |  7- 9 | 10-12 | 13-15 || total
---------------------------+-------+-------+-------+-------+-------++-------
  Melee: Dagger            |   127 |    73 |       |       |       ||   200
         Hand axe          |     2 |    80 |   337 |   649 |   621 ||  1689
         Punch             |     2 |     1 |     5 |       |       ||     8
         Flail             |       |       |       |    10 |    56 ||    66
  Throw: Dart              |       |       |       |     5 |     4 ||     9
 Invoke: Trog's Hand       |     1 |     2 |     4 |     3 |    12 ||    22
         Berserk           |       |     2 |     7 |     8 |    11 ||    28
         Brothers in Arms  |       |       |       |     2 |     1 ||     3
    Use: Potion            |       |     1 |       |     2 |     5 ||     8
         Scroll            |       |    10 |     8 |     4 |     3 ||    25
 Armour: Animal skin       |    42 |     8 |       |       |       ||    50
         Ring mail         |       |    79 |    34 |       |       ||   113
         Chain mail        |       |       |   111 |   287 |   311 ||   709
  Dodge: Dodged            |    87 |   106 |   217 |   394 |   415 ||  1219
  Block: Kite shield       |       |       |    15 |   372 |   482 ||   869

Table legend: (Time is in decaauts)
 A = Elapsed time spent in this place.
 B = Non-inter-level travel time spent in this place.
 C = Inter-level travel time spent in this place.
 D = Time resting spent in this place.
 E = Time spent auto-exploring this place.
 F = Levels seen in this place.
 G = Mean time per level.
                   A        B        C        D        E       F      G
               +--------+--------+--------+--------+--------+-----+--------+
         Total |  17839 |  17262 |    577 |    909 |  12358 |  16 | 1114.9 |
       Dungeon |   9978 |   9613 |    365 |    218 |   7293 |  11 |  907.1 |
          Lair |   7860 |   7649 |    211 |    691 |   5065 |   5 | 1572.0 |
               +--------+--------+--------+--------+--------+-----+--------+

Top non-repeatable levels by time:
  Lair:3: 2402 daAuts
  Lair:5: 2276 daAuts
     D:5: 1433 daAuts
     D:4: 1317 daAuts
  Lair:1: 1216 daAuts
     D:6: 1200 daAuts
     D:9: 1182 daAuts
  Lair:2: 1091 daAuts
     D:1: 962 daAuts
     D:7: 936 daAuts
     D:2: 922 daAuts
  Lair:4: 873 daAuts
    D:10: 770 daAuts
     D:8: 688 daAuts
     D:3: 519 daAuts
